AoeStats
← Sarkum

Arabia

510859425Analyzed
4v4 RM · 5h ago on Oct 2, 2026· 36m 20s· 8 players
Game mode
Random Map
Map size
Large (8 player)
Population
200
Speed
Normal
Resources
Standard
Victory
Conquest
Starting age
Dark Age
Ending age
Imperial Age
RankedLock teamsTeams togetherTeam positionsShared explorationLock speedFull tech treeHidden civsTurbo modeCheats
Victory
Defeat
🇹🇷 Hindustanis · Türkiye
1207
+9
🇹🇷 Hindustanis · Türkiye
1112
+12
🇹🇷 Ethiopians · Türkiye
1017
+16
🇹🇷 Cumans · Türkiye
927
+20
🇮🇹 Vietnamese · Italy
1045
-15
🇨🇳 Magyars · China
1040
-15
🇫🇮 Koreans · Finland
1011
-14
🇦🇲 Mongols · Armenia
1007
-13
一顿猛干
2:08 Loom
11:58 Feudal Age
12:16 Feudal Age
15:12 Wheelbarrow
17:30 Castle Age
17:11 Double-Bit Axe
20:27 Crossbowman
22:05 Fletching
23:25 Bodkin Arrow
25:25 Gold Mining
25:44 Padded Archer Armor
28:07 Horse Collar
28:40 Bow Saw
31:42 Hand Cart
33:04 Leather Archer Armor
32:58 Thumb Ring
34:59 Gold Shaft Mining
35:21 Scale Barding Armor
g.mag
6:30 Loom
6:40 Loom
10:00 Feudal Age
10:58 Double-Bit Axe
10:55 Horse Collar
12:01 Bloodlines
13:33 Forging
13:53 Scale Barding Armor
22:56 Castle Age
23:44 Husbandry
25:47 Heavy Plow
25:51 Pikeman
26:32 Squires
28:27 Scale Mail Armor
29:03 Iron Casting
32:40 Bow Saw
33:33 Chain Mail Armor
Lakupiippu
3:14 Loom
10:32 Feudal Age
16:45 Castle Age
15:15 Double-Bit Axe
25:27 Fletching
25:58 Horse Collar
passami lo sdrogo
1:00 Loom
12:41 Feudal Age
14:02 Double-Bit Axe
16:48 Castle Age
15:05 Double-Bit Axe
15:12 Horse Collar
17:45 Wheelbarrow
17:29 Crossbowman
18:30 Padded Archer Armor
18:22 Fletching
21:02 Leather Archer Armor
23:50 Ballistics
24:13 Bodkin Arrow
23:42 Elite Skirmisher
25:37 Thumb Ring
28:02 Forging
27:57 Scale Barding Armor
30:08 Husbandry
30:19 Bloodlines
31:45 Iron Casting
33:37 Chain Barding Armor
33:41 Heavy Plow
35:16 Bow Saw
HT
7:00 Loom
9:22 Feudal Age
10:03 Double-Bit Axe
16:09 Forging
20:49 Castle Age
19:55 Bloodlines
19:52 Scale Barding Armor
23:13 Chain Barding Armor
23:57 Horse Collar
24:41 Husbandry
24:37 Gold Mining
26:06 Wheelbarrow
27:11 Town Watch
35:37 Iron Casting
Sarkum
3:59 Loom
11:40 Feudal Age
12:07 Double-Bit Axe
17:25 Wheelbarrow
16:34 Horse Collar
20:47 Bloodlines
20:55 Scale Mail Armor
20:56 Padded Archer Armor
21:07 Forging
21:37 Scale Barding Armor
21:22 Fletching
21:53 Man-at-Arms
27:43 Castle Age
27:46 Elite Skirmisher
28:46 Chain Mail Armor
28:26 Bodkin Arrow
28:46 Leather Archer Armor
28:47 Long Swordsman
29:28 Squires
32:02 Heavy Plow
32:20 Leather Archer Armor
tostostos
4:05 Loom
12:40 Feudal Age
15:45 Fletching
15:57 Padded Archer Armor
19:11 Castle Age
20:35 Bodkin Arrow
20:56 Leather Archer Armor
20:15 Crossbowman
21:36 Wheelbarrow
25:21 Double-Bit Axe
26:40 Forging
26:55 Elite Skirmisher
31:01 Iron Casting
32:34 Bow Saw
33:17 Gold Mining
33:18 Stone Mining
33:21 Horse Collar
36:48 Hand Cart
D.M.G.
7:27 Loom
12:12 Feudal Age
16:58 Castle Age
31:39 Horse Collar
35:35 Imperial Age
34:58 Grand Trunk Road
35:14 Forging
35:04 Scale Mail Armor
Connection lost

Rejoining the realm…

Still unreachable

The connection could not be restored.

Session expired

The server has moved on; the page needs a fresh start.